 Dungeon Crawl Stone Soup version 0.16-b1 (webtiles) character file.

126 Medar the Cutter (level 5, -5/30 HPs)
             Began as a Kobold Skald on Mar 15, 2015.
             Killed by divine providence
             ... invoked by an orc priest
              (12 damage)
             ... on level 4 of the Dungeon.
             The game lasted 00:12:43 (3811 turns).

Medar the Cutter (Kobold Skald)                     Turns: 3811, Time: 00:12:43

Health: -5/30      AC:  4    Str: 10    XL:     5   Next: 31%
Magic:  4/10       EV: 13    Int: 14    God:
Gold:   100        SH:  0    Dex: 16    Spells: 4 memorised, 1 level left

rFire  . . .     SeeInvis .     a - +1 short sword
rCold  . . .     Clarity  .     b - +1 leather armour
rNeg   . . .     SustAb   .     (no shield)
rPois  .         Gourm    .     (no helmet)
rElec  .         Spirit   .     (no cloak)
rCorr  .         Warding  .     (no gloves)
rMut   .         Stasis   .     (no boots)
MR     .....                    (no amulet)
Stlth  +.........               (no ring)
                                n - +3 ring of intelligence

@: infused, singing, not resistant to hostile enchantments, very unstealthy
A: carnivore 3
a: Stop Singing


You were on level 4 of the Dungeon.
You were very full.

You visited 1 branch of the dungeon, and saw 4 of its levels.

You collected 100 gold pieces.

Inventory:

Hand weapons
 a - a +1 short sword (weapon)
Missiles
 j - 19 poisoned needles
Armour
 b - a +1 leather armour (worn)
Jewellery
 n - a +3 ring of intelligence (left hand)
Scrolls
 h - 3 scrolls of fog
Potions
 e - 2 potions of brilliance
 i - a potion of cancellation
Books
 c - a book of Battle

   Spells                             Type                      Level
   a - Infusion                       Charms                       1
   b - Shroud of Golubria             Charms/Translocation         2
   c - Song of Slaying                Charms                       2
   d - Spectral Weapon                Hexes/Charms                 3
   e - Regeneration                   Charms/Necromancy            3
 m - a book of Frost

   Spells                             Type                      Level
   a - Freeze                         Ice                          1
   b - Throw Frost                    Conjuration/Ice              2
   c - Ozocubu's Armour               Charms/Ice                   3
   d - Throw Icicle                   Conjuration/Ice              4
   e - Summon Ice Beast               Ice/Summoning                4
   f - Condensation Shield            Ice                          4
Comestibles
 d - 2 meat rations


   Skills:
 - Level 2.1 Fighting
 + Level 5.1 Short Blades
 - Level 0.7 Armour
 - Level 1.2 Dodging
 + Level 2.8 Spellcasting
 + Level 2.8 Charms
 - Level 1.1 Translocations
 + Level 0.2 Ice Magic


You had one spell level left.
You knew the following spells:

 Your Spells              Type           Power        Failure   Level  Hunger
d - Song of Slaying       Chrm           ##......     14%         2    ###....
q - Ozocubu's Armour      Chrm/Ice       #.......     54%         3    ###....
s - Infusion              Chrm           ##....       12%         1    #......
t - Shroud of Golubria    Chrm/Tloc      #.........   21%         2    ###....


Dungeon Overview and Level Annotations

Branches:
Dungeon (4/15)
 Temple: D:4-7

Altars:
Makhleb
Yredelemnul

Shops:
D:4 (

Annotations:
D:2 Robin


Innate Abilities, Weirdness & Mutations

You are small and have problems with some larger weapons.
You are carnivorous and can eat meat at any time.


Message History

You hit the orc priest.
The orc priest is lightly wounded.
The orc barely misses you.
Your shroud bends the orc priest's attack away.
The orc closely misses you. The orc hits you with a club.
* * * LOW HITPOINT WARNING * * *
Your shroud falls apart!
You hit the orc priest.
The orc priest is moderately wounded.
The orc hits you.
* * * LOW HITPOINT WARNING * * *
The orc priest misses you. The orc priest barely misses you.
The orc hits you but does no damage.
You barely miss the orc priest.
The orc priest is moderately wounded.
The orc barely misses you. The orc completely misses you.
The orc priest closely misses you.
The orc priest calls down the wrath of Beogh upon you.
Something smites you!
You die...

#. ...
###.#.#...............
. #
.......#...............
#..[........#####<
##...........# #.
#....%.......# #. #
##.....####### #.
...###......#
.......ooo.#.# #####
g......o@###.##.|.....
...####..o.......[....
#..######†.$..... ...#


ooo.... #### ....... o..[... ...... ..... #... You could see 2 orc priests, 3
orcs and a hobgoblin.

Vanquished Creatures
  A worker ant (D:4)
  3 adders
  A giant mite (D:4)
  2 oozes
  2 giant geckos (D:3)
  An orc (D:3)
  A ball python (D:2)
  3 giant cockroaches
  10 goblins
  6 hobgoblins
  2 jackals (D:1)
  A quokka (D:4)
  8 bats
  4 giant newts
  9 kobolds
  A quokka zombie (D:3)
  9 rats
64 creatures vanquished.

Notes
Turn   | Place    | Note
--------------------------------------------------------------
     0 | D:1      | Medar, the Kobold Skald, began the quest for the Orb.
     0 | D:1      | Reached XP level 1. HP: 12/12 MP: 3/3
   103 | D:1      | Reached skill level 3 in Short Blades
   310 | D:1      | Reached XP level 2. HP: 17/17 MP: 4/4
   488 | D:1      | Reached skill level 4 in Short Blades
  1276 | D:1      | Reached XP level 3. HP: 19/21 MP: 6/6
  1564 | D:2      | Noticed Robin
  1582 | D:1      | Learned a level 2 spell: Shroud of Golubria
  1585 | D:1      | Learned a level 2 spell: Song of Slaying
  1662 | D:2      | Found a basalt altar of Yredelemnul.
  1925 | D:2      | Found a burning altar of Makhleb.
  2196 | D:2      | Reached XP level 4. HP: 24/26 MP: 8/8
  2647 | D:3      | Learned a level 3 spell: Ozocubu's Armour
  3100 | D:3      | Reached skill level 5 in Short Blades
  3514 | D:4      | Found Stapp's Weapon Shoppe.
  3637 | D:4      | Reached XP level 5. HP: 30/30 MP: 2/10
  3717 | D:4      | Reached skill level 1 in Translocations
  3811 | D:4      | Killed from afar by an orc priest

Action                   |  1- 3 |  4- 6 || total
-------------------------+-------+-------++-------
Melee: Short sword       |   115 |   121 ||   236
 Cast: Infusion          |    15 |    16 ||    31
       Shroud of Golubri |       |     3 ||     3
       Song of Slaying   |       |     2 ||     2
  Use: Scroll            |       |     9 ||     9
       Potion            |       |     1 ||     1
 Stab: Sleeping          |     1 |       ||     1
  Eat: Chunk             |    13 |     4 ||    17
